 Dungeon Crawl Stone Soup version 0.30-a0-782-ge64f9170bb (webtiles) character file.

Game seed: 5529840958953665347

49 HoaS the Poker (level 3, 0/30 HPs)
             Began as a Minotaur Gladiator on Mar 8, 2023.
             Slain by Terence
             ... wielding a +0 mace
              (6 damage)
             ... on level 2 of the Dungeon.
             The game lasted 00:02:36 (846 turns).

HoaS the Poker (Minotaur Gladiator)                  Turns: 846, Time: 00:02:37

Health: 0/30       AC:  5    Str: 20    XL:     3   Next: 51%
Magic:  2/2        EV: 11    Int:  5    God:
Gold:   79         SH:  0    Dex: 11    Spells: 2/2 levels left

rFire   . . .      SeeInvis .    a - +0 trident
rCold   . . .      Faith    .    (no shield)
rNeg    . . .      Spirit   .    g - +0 ring mail
rPois   .          Reflect  .    c - +0 hat
rElec   .          Harm     .    (no cloak)
rCorr   +          Rampage  .    (no gloves)
Will    .....                    (no boots)
Stlth   +                        (no amulet)
HPRegen 0.25/turn                m - ring of resist corrosion
MPRegen 0.08/turn                (no ring)

@: no status effects
A: horns 2, retaliatory headbutt
a: no special abilities


You were on level 2 of the Dungeon.
You visited 1 branch of the dungeon, and saw 2 of its levels.

You collected 79 gold pieces.

Inventory:

Hand Weapons
 a - a +0 trident (weapon)
Missiles
 d - 3 throwing nets (quivered)
 e - a javelin
Armour
 c - a +0 hat (worn)
 g - a +0 ring mail (worn)
Jewellery
 m - a ring of resist corrosion (left hand)
Scrolls
 b - a scroll of identify {unknown}
 j - a scroll of blinking {unknown}
 n - a scroll of vulnerability {unknown}
Potions
 f - a potion of magic {unknown}
 h - 2 potions of cancellation {unknown}
 i - a potion of curing {unknown}
 k - a potion of degeneration {unknown}
 l - a potion of mutation {unknown}


   Skills:
 - Level 2.4 Fighting
 + Level 5.5 Polearms
 - Level 2.0 Throwing
 - Level 3.2 Dodging


You had 2 spell levels left.
You didn't know any spells.
Your spell library contained the following spells:

 Spells                   Type           Power      Damage    Failure   Level
 Inner Flame              Hex/Fire       0%         N/A       95%         3
 Flame Wave               Conj/Fire      0%         2d4       100%        4
 Sticky Flame             Conj/Fire      0%         2d3       100%        4


Dungeon Overview and Level Annotations

Branches:
Dungeon (2/15)

Altars:

Annotations:
D:2 Terence


Innate Abilities, Weirdness & Mutations

You have a pair of horns on your head.
You reflexively headbutt those who attack you in melee.


Message History

The adder bites you but does no damage. x2
You miss the adder. Your headbutt misses the adder.
The adder is heavily wounded.
The adder closely misses you.
You hit the adder. You headbutt the adder.
You kill the adder!
No target in view!
HP restored.
A giant cockroach comes into view.
A giant cockroach is nearby!
You puncture the giant cockroach!
You kill the giant cockroach!
No target in view!
You now have 71 gold pieces (gained 12).
You now have 79 gold pieces (gained 8).
Found a dagger.
Found a club.
You see here a +0 club.
You see here a +0 dagger.
Found a leather armour.
You see here a +0 leather armour.
Terence the Incautious comes into view.
He is wielding a +0 mace.
Terence shouts!
You reach to attack!
You closely miss Terence. You barely miss Terence.
Terence hits you with a +0 mace.
You closely miss Terence. You headbutt Terence, but do no damage.
Terence hits you with a +0 mace! Terence misses you.
You closely miss Terence. Terence hits you but does no damage.
You closely miss Terence. Terence misses you.
You closely miss Terence. You headbutt Terence, but do no damage.
Terence says, "Rest in peace."
Terence hits you with a +0 mace!
You hit Terence.
Terence is moderately wounded.
Terence hits you with a +0 mace!
* * * LOW HITPOINT WARNING * * *
You hit Terence.
Terence is heavily wounded.
Terence hits you with a +0 mace.
You die...

###.####.#
##...## ... ...
##..# ##. ...
##.# ##. .....
####.## ..
#...... # #.
#.##.##
#.##.#.##
#.##.##
#......@#####
#....##
#.##@#...###
#..####
#........[.#
#......
####.#...#.#
##.####
#.#####.#####.#
..# #.......#
#### #########


You could see Terence.

Vanquished Creatures
  An adder (D:2)
  5 ball pythons
  4 endoplasms
  A giant cockroach (D:2)
  6 goblins
  2 hobgoblins
  4 jackals (D:1)
  3 bats (D:1)
  A frilled lizard (D:1)
  2 kobolds (D:1)
  8 rats
37 creatures vanquished.

Notes
Turn   | Place    | Note
-------+----------+-------------------------------------------
     0 | D:1      | HoaS the Minotaur Gladiator began the quest for the Orb.
     0 | D:1      | Reached XP level 1. HP: 18/18 MP: 0/0
   111 | D:1      | Reached skill level 4 in Polearms
   165 | D:1      | Reached XP level 2. HP: 25/25 MP: 1/1
   298 | D:1      | Reached skill level 5 in Polearms
   309 | D:1      | Found a faded altar of an unknown god.
   395 | D:2      | Reached XP level 3. HP: 30/30 MP: 2/2
   837 | D:2      | Noticed Terence
   846 | D:2      | Slain by Terence

Illustrated notes

Levels and vault maps discovered:
D:1:      minmay_arrival_four_circles, layout_rooms,
          shapermc_ecumenical_altar_pompeii
D:2:      layout_loops_cross, uniq_terence

Skill      XL: |  1  2 |
---------------+-------+-----
Polearms       | 4 5 |  5.5
Fighting       | |  2.4
Throwing       | |  2.0
Dodging        | |  3.2

Action                     || total
---------------------------++-------
  Melee: Trident           ||    85
         Headbutt          ||     5
 Armour: Ring mail         ||    20
         Leather armour    ||     1
  Dodge: Dodged            ||    31

Table legend: (Time is in decaauts)
 A = Elapsed time spent in this place.
 B = Non-inter-level travel time spent in this place.
 C = Inter-level travel time spent in this place.
 D = Time resting spent in this place.
 E = Time spent auto-exploring this place.
 F = Levels seen in this place.
 G = Mean time per level.
                   A        B        C        D        E       F      G
               +--------+--------+--------+--------+--------+-----+--------+
         Total |    850 |    846 |      4 |      0 |    649 |   2 |  425.0 |
       Dungeon |    850 |    846 |      4 |      0 |    649 |   2 |  425.0 |
               +--------+--------+--------+--------+--------+-----+--------+

Top non-repeatable levels by time:
     D:2: 457 daAuts
     D:1: 392 daAuts
